 Dungeon Crawl Stone Soup version 0.30-a0-722-g3e6e8c874d (webtiles) character file.

Game seed: 11189134273672624199

3756 Bnni the Basher (level 10, -2/111 HPs)
             Began as an Ogre Gladiator on Jan 28, 2023.
             Was a Believer of Okawaru.
             Slain by a yak (10 damage)
             ... on level 8 of the Dungeon.
             The game lasted 00:13:48 (8232 turns).

Bnni the Basher (Ogre Gladiator)                    Turns: 8232, Time: 00:13:49

Health: -2/111     AC:  4    Str: 24    XL:     10   Next: 15%
Magic:  14/14      EV: 13    Int:  9    God:    Okawaru [**....]
Gold:   439        SH:  0    Dex: 16    Spells: 9/9 levels left

rFire   . . .      SeeInvis .    o - +0 dire flail
rCold   . . .      Faith    .    (shield currently unavailable)
rNeg    . . .      Spirit   .    b - +0 robe
rPois   .          Reflect  .    c - +0 hat
rElec   .          Harm     .    z - +0 cloak
rCorr   .          Rampage  .    (gloves unavailable)
Will    +....                    (boots unavailable)
Stlth   +                        (no amulet)
HPRegen 0.38/turn                v - +6 ring of dexterity
MPRegen 0.14/turn                (no ring)

@: confused, heroic, ambrosia-drunk
A: large, unfitting armour, tough skin 1
a: Renounce Religion, Heroism


You were on level 8 of the Dungeon.
You worshipped Okawaru.
Okawaru was pleased with you.
You visited 2 branches of the dungeon, and saw 9 of its levels.

You collected 439 gold pieces.

Inventory:

Hand Weapons
 o - a +0 dire flail (weapon)
Missiles
 e - 6 large rocks
 f - 6 poisoned darts (quivered)
Armour
 b - a +0 robe (worn)
 c - a +0 hat (worn)
 z - a +0 cloak (worn)
Jewellery
 v - a +6 ring of dexterity (left hand)
Wands
 n - a wand of acid (14)
 u - a wand of mindburst (14)
 x - a wand of flame (9)
Scrolls
 g - a scroll of blinking {unknown}
 h - 2 scrolls of teleportation {unknown}
 i - 3 scrolls of enchant weapon {unknown}
 j - a scroll of immolation
 k - 3 scrolls of vulnerability {unknown}
 m - 2 scrolls of poison
 p - a scroll of fog
 q - a scroll of amnesia
 r - a scroll of silence
 s - 2 scrolls of noise {unknown}
 y - 2 scrolls of fear {unknown}
 C - a scroll of enchant armour {unknown}
Potions
 d - a potion of cancellation {unknown}
 l - a potion of haste
 t - 2 potions of curing
 w - 2 potions of berserk rage {unknown}
 A - a potion of invisibility
 B - a potion of mutation {unknown}
 D - a potion of lignification {unknown}


   Skills:
 + Level 10.3(15.3) Fighting
 * Level 10.3(15.3) Maces & Flails
 - Level 2.0(7.0) Throwing
 - Level 2.6(7.6) Dodging
 + Level 5.8 Invocations


You had 9 spell levels left.
You didn't know any spells.
Your spell library contained the following spells:

 Spells                   Type           Power      Damage    Failure   Level
 Apportation              Tloc           0%         N/A       38%         1
 Magic Dart               Conj           0%         1d3       38%         1
 Necrotise                Necr           0%         1d4       38%         1
 Slow                     Hex            0%         N/A       38%         1
 Confusing Touch          Hex            0%         N/A       77%         3
 Mephitic Cloud           Conj/Pois/Air  0%         N/A       77%         3
 Vampiric Draining        Necr           0%         2d6       77%         3
 Storm Form               Tmut/Air       0%         N/A       100%        7
 Maxwell's Capacitive Co  Air            0%         ∞         100%        8
 Summon Small Mammal      Summ           Unusable   N/A       N/A         1
 Call Imp                 Summ           Unusable   N/A       N/A         2
 Summon Lightning Spire   Summ/Air       Unusable   N/A       N/A         4

Dungeon Overview and Level Annotations

Branches:
Dungeon (8/15)             Temple (1/1) D:5            Lair (0/5) D:8

Altars:
Cheibriados
Dithmenos
Elyvilon
Fedhas
Gozag
Hepliaklqana
Kikubaaqudgha
Makhleb
Okawaru
Qazlal
Ru
Sif Muna
Trog
Uskayaw
Vehumet
Wu Jian
Xom
The Shining One

Shops:
D:4 =   D:7 *


Innate Abilities, Weirdness & Mutations

You are too large for most types of armour.
You have tough skin. (AC +1)


Message History

The yak is severely wounded.
The yak gores you but does no damage. The yak closely misses you.
You bludgeon the yak!!
You kill the yak!
Okawaru accepts your kill. The yak gores you.
* * * LOW HITPOINT WARNING * * *
You hit the yak.
The yak is lightly wounded.
You impale the yak!!
The yak is severely wounded.
The yak gores you.
* * * LOW HITPOINT WARNING * * *
You completely miss the yak.
The yak is severely wounded.
You sock the yak!
You kill the yak!
Okawaru accepts your kill.
You thump the yak!
The yak is moderately wounded.
You impale the yak!!
The yak is severely wounded.
You puncture the yak!
The yak is almost dead.
The yak gores you!
* * * LOW HITPOINT WARNING * * *
You sock the yak!
You kill the yak!
Okawaru accepts your kill.
You are confused.
You feel invigorated. The yak closely misses you.
You bump into the rock wall.
The yak gores you.
* * * LOW HITPOINT WARNING * * *
You bump into the rock wall.
The yak completely misses you.
You closely miss the yak.
The yak is lightly wounded.
The yak gores you!
* * * LOW HITPOINT WARNING * * *
You bump into the rock wall.
The yak gores you!
You die...

....... .......
.......
##..)....
#........ ##.#
#..# ##Y## #†@#
###.## ##...###
##......##
#####........##
####
..............#
#..##
##...........##
#...##
#............#
#....## #
.............#
#.....###.


You could see a yak.

Vanquished Creatures
  A cyclops (D:6)
  Grinder (D:4)
  4 yaks (D:8)
  Duvessa (D:6)
  A water moccasin (D:4)
  An orc warrior (D:6)
  A black bear (D:4)
  3 ice beasts
  2 sky beasts
  A centaur (D:7)
  A phantom (D:5)
  2 necrophages (D:5)
  Blork the orc (D:6)
  3 bullfrogs (D:7)
  A gnoll sergeant (D:6)
  2 scorpions
  A wight (D:6)
  Dowan (D:6)
  3 howler monkeys
  A hound (D:4)
  3 jellies
  Crazy Yiuf (D:6)
  A gnoll bouda (D:8)
  2 orc priests
  4 iguanas
  An iron imp (D:7)
  Jessica (D:2)
  Terence (D:2)
  7 orc wizards
  8 gnolls
  9 adders
  A shadow imp (D:5)
  A white imp (D:6)
  An ufetubus (D:5)
  A worm (D:2)
  11 orcs
  8 ball pythons
  2 endoplasms
  5 giant cockroaches
  9 goblins
  7 hobgoblins
  3 jackals (D:3)
  8 kobolds
  3 bats (D:2)
  2 frilled lizards (D:1)
132 creatures vanquished.

Vanquished Creatures (others)
  A fungus (D:7)
1 creature vanquished.

Grand Total: 133 creatures vanquished

Notes
Turn   | Place    | Note
-------+----------+-------------------------------------------
     0 | D:1      | Bnni the Ogre Gladiator began the quest for the Orb.
     0 | D:1      | Reached XP level 1. HP: 22/22 MP: 1/1
   223 | D:1      | Reached XP level 2. HP: 31/31 MP: 2/2
   696 | D:1      | Found a faded altar of an unknown god.
   976 | D:2      | Reached XP level 3. HP: 37/37 MP: 3/3
  1051 | D:2      | Noticed Jessica
  1056 | D:2      | Killed Jessica
  1218 | D:2      | Reached XP level 4. HP: 8/48 MP: 4/4
  1388 | D:2      | Noticed Terence
  1406 | D:2      | Killed Terence
  1962 | D:2      | Reached XP level 5. HP: 38/55 MP: 5/5
  2205 | D:3      | Found a shadowy altar of Dithmenos.
  2484 | D:4      | Noticed a black bear
  2498 | D:4      | Killed a black bear
  2499 | D:4      | Reached skill level 5 in Fighting
  2499 | D:4      | Reached skill level 5 in Maces & Flails
  2499 | D:4      | Reached XP level 6. HP: 32/66 MP: 6/6
  2898 | D:4      | Noticed Grinder
  2927 | D:4      | Paralysed by Grinder for 2 turns
  2940 | D:4      | Killed Grinder
  2941 | D:4      | Reached XP level 7. HP: 17/75 MP: 7/7
  3430 | D:4      | Noticed a +0 spear
  3431 | D:4      | Noticed a +0 dagger
  3432 | D:4      | Noticed a +0 falchion
  3432 | D:4      | Noticed a +0 spear
  3432 | D:4      | Noticed a +0 short sword
  3432 | D:4      | Noticed a +0 short sword
  3433 | D:4      | Noticed a +0 dagger
  3435 | D:4      | Noticed a +0 falchion
  3625 | D:4      | Identified the +8 chain mail of an ice cave {*Corrode
                  | Str+4}
  3646 | D:4      | Found Nuch's Jewellery Shop.
  3677 | D:4      | Found a hide-covered altar of Uskayaw.
  4106 | D:5      | Entered Level 5 of the Dungeon
  4223 | D:5      | Found an opulent altar of Gozag.
  4318 | D:5      | Reached XP level 8. HP: 76/87 MP: 8/8
  4384 | D:5      | Found a staircase to the Ecumenical Temple.
  4400 | Temple   | Entered the Ecumenical Temple
  4520 | Temple   | Became a worshipper of Warmaster Okawaru
  4652 | D:5      | Reached skill level 1 in Invocations
  5330 | D:6      | Reached * piety under Okawaru
  5379 | D:6      | Found a runed translucent door.
  5380 | D:6      | Noticed Crazy Yiuf
  5395 | D:6      | Killed Crazy Yiuf
  5398 | D:6      | HP: 4/89 [poisoned by Crazy Yiuf]
  5697 | D:6      | Noticed Duvessa
  5697 | D:6      | Noticed Dowan
  5714 | D:6      | Killed Duvessa
  5715 | D:6      | Reached XP level 9. HP: 75/97 MP: 8/11
  5722 | D:6      | Killed Dowan
  5930 | D:6      | Noticed a cyclops
  5947 | D:6      | HP: 3/97 [cyclops (23)]
  5950 | D:6      | Killed a cyclops
  6311 | D:6      | Noticed Blork the orc
  6336 | D:6      | Killed Blork the orc
  6885 | D:7      | Found a glowing golden altar of the Shining One.
  6963 | D:7      | Found a burning altar of Makhleb.
  6965 | D:7      | Found an iron altar of Okawaru.
  6965 | D:7      | Found a white marble altar of Elyvilon.
  6967 | D:7      | Found a bloodstained altar of Trog.
  6967 | D:7      | Found a white marble altar of Elyvilon.
  6967 | D:7      | Found a shimmering altar of Xom.
  7021 | D:7      | Found Tocoas Hary's Gadget Gallery.
  7173 | D:7      | Found a radiant altar of Vehumet.
  7203 | D:7      | Reached ** piety under Okawaru
  7392 | D:7      | Found a snail-covered altar of Cheibriados.
  7570 | D:7      | Reached skill level 5 in Invocations
  7828 | D:7      | Found a blossoming altar of Fedhas.
  7899 | D:8      | HP: 4/101 [gnoll bouda/+0 whip (5)]
  8158 | D:8      | Found a staircase to the Lair.
  8214 | D:8      | Reached skill level 10 in Fighting
  8214 | D:8      | Reached skill level 10 in Maces & Flails
  8214 | D:8      | Reached XP level 10. HP: 36/110 MP: 10/14
  8231 | D:8      | HP: 5/111 [yak (15)]
  8232 | D:8      | Slain by a yak

Illustrated notes

Levels and vault maps discovered:
D:1:      dpeg_arrival_radiant, layout_basic, hellmonk_ecumenical_altar_blasted,
          roderic_lattice_a
D:2:      layout_loops_ring, uniq_terence, uniq_jessica
D:3:      layout_rooms, nicolae_dithmenos_the_darkroom
D:4:      nicolae_BIG_FREAKIN_CUBE, layout_loops_corners,
          nicolae_uskayaw_en_pointe, serial_shops, nicolae_stop_n_shop_2,
          uniq_grinder
D:5:      layout_rooms, lemuel_doored_altar, minmay_temple_entry_overgrown,
          feat_on_display
D:6:      layout_rooms, minmay_misc_feat_hallway, st_stairs_1,
          minmay_misc_feat_secret_circle, minmay_hedge_maze, minmay_microvault,
          uniq_duvessa, uniq_crazy_yiuf_cottage, uniq_blork_the_orc
D:7:      layout_loops_ring, doesnt_xom_only_xom, chei_slow_surprise,
          mainiacjoe_overflow_chevrons, mainiacjoe_overflow_six_doors_small,
          marbit_many_paths, nicolae_shop_gadgets
D:8:      layout_cave_pods, nicolae_overflow_two_pavilions,
          mainiacjoe_overflow_divided_tiny, dpeg_oklobed_lair, eino_curves_01,
          grunt_livestock, feat_on_display, uniq_erica
Temple:   nicolae_temple_figure_zero

Skill      XL: |  1  2  3  4  5  6  7  8  9 |
---------------+----------------------------+-----
Fighting       | 3 4 5 6 7 8 10 | 10.3
Maces & Flails | 3 4 5 6 7 8 10 | 10.3
Invocations    | 3 5 |  5.8
Throwing       | |  2.0
Dodging        | |  2.6

Action                     |  1- 3 |  4- 6 |  7- 9 | 10-12 || total
---------------------------+-------+-------+-------+-------++-------
  Melee: Flail             |    64 |    14 |       |       ||    78
         Mace              |       |   137 |   245 |       ||   382
         Punch             |       |       |     5 |       ||     5
         Dire flail        |       |       |    94 |    15 ||   109
  Throw: Large rock        |     1 |     1 |     4 |       ||     6
         Throwing net      |       |     4 |       |       ||     4
         Dart              |       |       |    10 |       ||    10
 Invoke: Heroism           |       |       |     4 |       ||     4
    Use: Scroll            |       |       |     9 |       ||     9
         Potion            |       |       |     1 |     1 ||     2
   Stab: Sleeping          |     1 |     2 |     1 |       ||     4
         Held in net/web   |       |     1 |       |       ||     1
 Armour: Robe              |    26 |    82 |   111 |     1 ||   220
  Dodge: Dodged            |    32 |    81 |   152 |     3 ||   268

Table legend: (Time is in decaauts)
 A = Elapsed time spent in this place.
 B = Non-inter-level travel time spent in this place.
 C = Inter-level travel time spent in this place.
 D = Time resting spent in this place.
 E = Time spent auto-exploring this place.
 F = Levels seen in this place.
 G = Mean time per level.
                   A        B        C        D        E       F      G
               +--------+--------+--------+--------+--------+-----+--------+
         Total |   8256 |   8059 |    197 |    368 |   6489 |   9 |  917.3 |
       Dungeon |   8122 |   7937 |    185 |    368 |   6381 |   8 | 1015.2 |
        Temple |    133 |    121 |     12 |      0 |    108 |   1 |  133.0 |
               +--------+--------+--------+--------+--------+-----+--------+

Top non-repeatable levels by time:
     D:4: 1677 daAuts
     D:6: 1666 daAuts
     D:2: 1123 daAuts
     D:7: 1009 daAuts
     D:5: 955 daAuts
     D:1: 920 daAuts
     D:3: 434 daAuts
     D:8: 336 daAuts
  Temple: 133 daAuts
